 Dungeon Sprint DCSS version 0.23-a0-396-g5214e5f (webtiles) character file.

9900000 namelastname112 the Formicid Barricade (level 27, -17/249 HPs)
             Began as a Formicid Fighter on Nov 2, 2018.
             Was the Champion of Makhleb.
             Killed from afar by an observer (89 damage)
             ... with a bolt of fire
             ... in the Dungeon (Sprint VIII: "Arena of Blood").
             The game lasted 00:01:59 (99 turns).

namelastname112 the Formicid Barricade (FoFi)         Turns: 99, Time: 00:02:00

Health: -17/249    AC: 13    Str: 25    XL:     27
Magic:  37/54      EV: 32    Int:  8    God:    Makhleb [******]
Gold:   0          SH: 20    Dex: 19    Spells: 80/80 levels left

rFire    . . .     SeeInvis +   k - +∞ Axe of Woe
rCold    . . .     Gourm    .   b - +0 shield
rNeg     . . .     Faith    .   a - +0 scale mail
rPois    .         Spirit   .   (helmet unavailable)
rElec    .         Reflect  .   (no cloak)
rCorr    .         Harm     .   (no gloves)
MR       ++...                  (no boots)
Stlth    ++++++++..             (no amulet)
HPRegen  0.51/turn              (no ring)
MPRegen  0.34/turn              (no ring)

@: no status effects
A: permanent stasis, dig shafts and tunnels, four strong arms, antennae 3
a: Dig, Minor Destruction, Lesser Servant of Makhleb, Major Destruction, Greater
Servant of Makhleb, Renounce Religion


You were in the Dungeon.
You worshipped Makhleb.
Makhleb was exalted by your worship.
You were not hungry.

You visited 1 branch

Inventory:

Hand Weapons
 k - the +∞ Axe of Woe (weapon)
   (You found it in the Dungeon)
Armour
 a - a +0 scale mail (worn)
 b - a +0 shield (worn)
Scrolls
 j - a scroll of blinking
Potions
 c - a potion of might
 e - a potion of curing
 f - a potion of heal wounds
 g - a potion of haste
 h - 2 potions of magic
 i - a potion of berserk rage
Comestibles
 d - a ration


   Skills:
 O Level 27 Fighting
 O Level 27 Axes
 O Level 27 Throwing
 O Level 27 Armour
 O Level 27 Dodging
 O Level 27 Stealth
 O Level 27 Shields
 O Level 27 Unarmed Combat
 O Level 27 Spellcasting
 O Level 27 Invocations


You had 80 spell levels left.
You didn't know any spells.
Your spell library was empty.

Dungeon Overview and Level Annotations

Branches:
Dungeon (1/1)

Altars:
Makhleb


Innate Abilities, Weirdness & Mutations

You cannot be hasted, slowed, berserked, paralysed or teleported.
You can dig through walls and to a lower floor.
Your four strong arms can wield two-handed weapons with a shield.
You have a pair of large antennae on your head. (SInv)


Message History

You feel better.
You hit the tyrant but do no damage.
You fatally mangle the tyrant.
You destroy the tyrant!
Makhleb accepts your kill.
You feel better.
You hear a shout!
You hear a roar!
You hear a shout! x2
The meat berserker is engulfed in blazing flames.
You hear a shout! x2
The dread is engulfed in blazing flames.
The dread calls on the powers of darkness!
The bag of meat convulses! x2; The eight-headed meat hydra convulses!
The meat berserker convulses!
Your body is wracked with pain!
* * * LOW HITPOINT WARNING * * *
The meat berserker convulses!
The bag of meat convulses! x2
The corpses meld into agglomerations of writhing flesh!
You block the reaper's attack.
You hear a shout!
The observer gazes at you. The bolt of fire hits you!
You die... #.. ....# { #.. ...# {{{O

.###%. ...###...
....%.###.......2
......)_§§§......
.....#.))x§#.....
... #_2<§X# {{..
.....#.%)§§#Oooo.
.oz....@_O§D.XX.o
DW.....###WLoo...
.G###.. {o{###..
{{ #.. {{{{#{ . {
#.. {.o# {{{ ...
..{.o{{{ ....
W%.{{{ .... ....


You could see a tentacled monstrosity, a tyrant, a reaper, 2 eight-headed meat
hydras, an observer (invisible), a sculptor of flesh, 2 large abominations, 2
dreads, 2 meat berserkers, a small abomination and 5 bags of meat.

Vanquished Creatures
  6 hell beasts (D)
  2 greater mummies (D)
  3 great orbs of eyes (D)
  A wraith (D)
  Harold (D)
  11 vampire knights (D)
  27 ogres (D)
  3 two-headed ogres (D)
  3 liches (D)
  38 orcs (D)
  2 phantoms (D)
  3 skeletal warriors (D)
  4 large abominations (D)
  3 small abominations (D)
  4 crawling corpses (D)
111 creatures vanquished.

Notes
Turn   | Place    | Note
-------+----------+-------------------------------------------
     0 | D        | Found the +∞ Axe of Woe
     0 | D        | namelastname112 the Formicid Fighter began the quest for
                  | the Orb.
     0 | D        | Reached XP level 1. HP: 18/18 MP: 1/1
     2 | D        | Noticed a bag of meat
     4 | D        | Became a worshipper of Makhleb the Destroyer
     8 | D        | Noticed a bag of meat
    10 | D        | Killed a bag of meat
    10 | D        | Reached XP level 2. HP: 47/47 MP: 2/2
    10 | D        | Reached XP level 3. HP: 53/53 MP: 3/3
    10 | D        | Reached XP level 4. HP: 60/60 MP: 4/4
    10 | D        | Reached XP level 5. HP: 67/67 MP: 5/5
    10 | D        | Reached XP level 6. HP: 74/74 MP: 6/6
    10 | D        | Reached XP level 7. HP: 80/80 MP: 7/7
    10 | D        | Reached XP level 8. HP: 87/87 MP: 8/8
    10 | D        | Reached XP level 9. HP: 93/93 MP: 9/9
    10 | D        | Reached XP level 10. HP: 101/101 MP: 10/10
    10 | D        | Reached XP level 11. HP: 107/107 MP: 11/11
    10 | D        | Reached XP level 12. HP: 114/114 MP: 12/12
    11 | D        | Noticed a bag of meat
    12 | D        | Killed a bag of meat
    12 | D        | Reached * piety under Makhleb
    12 | D        | Reached skill level 5 in Axes
    12 | D        | Reached XP level 13. HP: 126/126 MP: 13/13
    14 | D        | Noticed a meat berserker
    15 | D        | Killed a bag of meat
    15 | D        | Reached skill level 10 in Unarmed Combat
    15 | D        | Reached XP level 14. HP: 136/136 MP: 14/14
    16 | D        | Noticed a meat berserker
    18 | D        | Killed a meat berserker
    18 | D        | Reached XP level 15. HP: 115/149 MP: 15/15
    18 | D        | Noticed a meat berserker
    19 | D        | Noticed a meat berserker
    20 | D        | Killed a meat berserker
    20 | D        | Reached ** piety under Makhleb
    20 | D        | Reached XP level 16. HP: 161/161 MP: 16/16
    20 | D        | Noticed a large bag of meat
    21 | D        | Killed a meat berserker
    21 | D        | Reached skill level 27 in Fighting
    21 | D        | Reached skill level 15 in Axes
    21 | D        | Reached skill level 27 in Armour
    21 | D        | Reached skill level 27 in Shields
    21 | D        | Reached XP level 17. HP: 134/174 MP: 17/17
    22 | D        | Killed a meat berserker
    22 | D        | Reached skill level 5 in Stealth
    22 | D        | Reached XP level 18. HP: 182/182 MP: 18/18
    24 | D        | Killed a large bag of meat
    24 | D        | Reached *** piety under Makhleb
    24 | D        | Reached skill level 27 in Axes
    26 | D        | Reached skill level 10 in Stealth
    26 | D        | Reached XP level 19. HP: 189/189 MP: 19/19
    27 | D        | Reached **** piety under Makhleb
    27 | D        | Noticed a meat berserker
    28 | D        | Noticed a meat berserker
    28 | D        | Noticed a destroyer
    28 | D        | Noticed a destroyer
    28 | D        | Noticed a destroyer
    29 | D        | Noticed a meat berserker
    29 | D        | Killed a meat berserker
    29 | D        | Reached skill level 27 in Unarmed Combat
    29 | D        | Reached XP level 20. HP: 197/197 MP: 20/20
    29 | D        | Noticed a meat berserker
    30 | D        | Noticed a destroyer
    31 | D        | Killed a destroyer
    31 | D        | Reached skill level 27 in Stealth
    31 | D        | Killed a destroyer
    31 | D        | Reached ***** piety under Makhleb
    31 | D        | Reached XP level 21. HP: 204/204 MP: 20/39
    31 | D        | Noticed a meat berserker
    31 | D        | Noticed a destroyer
    33 | D        | Killed a meat berserker
    33 | D        | Killed a destroyer
    33 | D        | Reached XP level 22. HP: 212/212 MP: 20/46
    35 | D        | Killed a meat berserker
    35 | D        | Killed a destroyer
    35 | D        | Reached skill level 27 in Invocations
    35 | D        | Reached XP level 23. HP: 219/219 MP: 20/52
    35 | D        | Noticed a destroyer
    38 | D        | Reached ****** piety under Makhleb
    38 | D        | Reached skill level 27 in Dodging
    41 | D        | Killed a destroyer
    41 | D        | Reached skill level 27 in Throwing
    41 | D        | Reached skill level 27 in Spellcasting
    41 | D        | Reached XP level 24. HP: 227/227 MP: 22/54
    43 | D        | Noticed a destroyer
    43 | D        | Noticed a destroyer
    43 | D        | Noticed an accursed
    43 | D        | Noticed a destroyer
    46 | D        | Killed a destroyer
    46 | D        | Reached XP level 25. HP: 220/234 MP: 23/54
    47 | D        | Killed a destroyer
    51 | D        | Reached XP level 26. HP: 242/242 MP: 24/54
    53 | D        | Noticed a destroyer
    56 | D        | Killed an accursed
    56 | D        | Reached XP level 27. HP: 126/249 MP: 26/54
    62 | D        | Killed a destroyer
    63 | D        | Killed a destroyer
    64 | D        | Noticed a tyrant
    66 | D        | Noticed a destroyer
    66 | D        | Noticed a large bag of meat
    66 | D        | Noticed a large bag of meat
    66 | D        | Noticed a dread
    67 | D        | Noticed a meat beast
    68 | D        | Noticed a meat beast
    68 | D        | Noticed a meat beast
    70 | D        | Noticed a tyrant
    71 | D        | Noticed a meat beast
    72 | D        | Killed a meat beast
    74 | D        | Killed a meat beast
    74 | D        | Noticed The Servant
    75 | D        | Noticed an accursed
    76 | D        | Killed a meat beast
    76 | D        | Killed a tyrant
    78 | D        | Killed a meat beast
    78 | D        | Killed a destroyer
    82 | D        | Killed a large bag of meat
    82 | D        | Killed a tyrant
    83 | D        | Noticed a large bag of meat
    83 | D        | Noticed a meat beast
    86 | D        | Noticed a destroyer
    86 | D        | Noticed a dread
    86 | D        | Killed a dread
    87 | D        | Noticed a meat beast
    88 | D        | Noticed a tyrant
    89 | D        | Noticed a tyrant
    90 | D        | Noticed a dread
    91 | D        | Noticed an accursed
    92 | D        | Killed The Servant
    92 | D        | Killed a large bag of meat
    93 | D        | Killed a meat beast
    94 | D        | Killed a destroyer
    94 | D        | Killed an accursed
    98 | D        | Noticed a dread
    99 | D        | Killed a meat beast
    99 | D        | Killed a tyrant
    99 | D        | Killed from afar by an observer

Vault maps used:
D:        meatsprint

Skill      XL: |  1  2  3  4  5  6  7  8  9 10 11 12 13 14 15 16 17 18 19 20 21 22 23 |
---------------+----------------------------------------------------------------------+-----
Fighting       | 17 19 20 23 24 27 | 27.0
Axes           | 4 5 6 9 11 15 21 27 | 27.0
Armour         | 17 19 21 23 25 27 | 27.0
Shields        | 18 20 22 24 26 27 | 27.0
Unarmed Combat | 8 9 10 12 13 14 17 22 27 | 27.0
Stealth        | 5 10 21 27 | 27.0
Throwing       | 14 20 25 27 | 27.0
Dodging        | 13 18 23 27 | 27.0
Spellcasting   | 14 20 25 27 | 27.0
Invocations    | 17 23 27 | 27.0

Action                   |  1- 3 |  4- 6 |  7- 9 | 10-12 | 13-15 | 16-18 | 19-21 | 22-24 | 25-27 || total
-------------------------+-------+-------+-------+-------+-------+-------+-------+-------+-------++-------
Melee: Executioner's axe |     1 |       |       |     1 |     3 |     4 |     4 |    11 |    41 ||    65
Armor: Scale mail        |       |       |       |       |       |       |     1 |       |     3 ||     4
Dodge: Dodged            |       |       |       |       |       |       |       |       |     4 ||     4
Block: Shield            |       |       |       |       |       |       |     1 |       |    10 ||    11

Table legend:
 A = Non-vault XP
 B = Vault XP
 C = Vault XP percentage of total XP
 D = Non-vault monster count
 E = Vault monster count
 F = Vault count percentage of total count
                 A         B        C        D         E       F
            +---------+---------+-------+---------+---------+-------
      Total | 2646482 | 1160197 |  30.5 |      58 |      49 |  45.8
            +---------+---------+-------+---------+---------+-------
          D | 2646482 | 1160197 |  30.5 |      58 |      49 |  45.8
            +---------+---------+-------+---------+---------+-------
